 Dungeon Crawl Stone Soup version 0.31-a0-1009-g454b1f1e0a (webtiles) character file.

Game seed: 17392937732156103400

98903 kae the Slicer (level 15, 0/123 HPs)
             Began as a Demonspawn Enchanter on Nov 14, 2023.
             Was a High Priest of Dithmenos.
             Killed by Olgreb's Toxic Radiance
             ... invoked by a naga ritualist
              (4 damage)
             ... on level 1 of the Snake Pit.
             The game lasted 00:40:08 (31745 turns).

kae the Slicer (Demonspawn Enchanter)              Turns: 31745, Time: 00:40:08

Health: 0/123      AC: 22    Str: 15    XL:     15   Next: 76%
Magic:  0/29       EV: 12    Int: 23    God:    Dithmenos [*****.]
Gold:   1105       SH: 17    Dex: 14    Spells: 23/34 levels left

rFire   + . .        t - +6 dagger (speed)
rCold   + . .        j - +5 Storm Queen's Shield {shock, Fly rElec}
rNeg    + + .        p - +4 ring mail of Yddaniw {rPois rN+}
rPois   .            V - -2 hat of the Alchemist {rElec rPois rF+ rC+ rN+ Will+ rMut rCorr}
rElec   +            h - +2 cloak
rCorr   +            (no gloves)
SInv    .            (no boots)
Will    ++...        G - amulet of guardian spirit
Stlth   +++++++      R - ring of resist corrosion
HPRegen 0.40/turn    I - +6 ring of intelligence
MPRegen 0.21/turn

%: resist mutation, guardian spirit
@: lethally poisoned (0 -> -8), poison vulnerable, flying, wreathed by umbra
A: claws 1, rugged brown scales 3, icemail 2, condensation shield, demonic magic
3
a: Renounce Religion, Shadow Step, Shadow Form


You were on level 1 of the Snake Pit.
You worshipped Dithmenos.
Dithmenos was extremely pleased with you.
You visited 5 branches of the dungeon, and saw 24 of its levels.
You also visited: Volcano.

You collected 4065 gold pieces.
You spent 2960 gold pieces at shops.


Innate Abilities, Weirdness & Mutations

You have sharp fingernails.
You are completely covered in rugged brown scales. (AC +3, +7% HP)
A meltable icy envelope protects you from harm. (AC +8)
A meltable shield of frost defends you. (SH +4)
Spells you cast and wands you use may paralyse nearby enemies.


   Skills:
 + Level 9.9 Fighting
 * Level 13.9 Short Blades
 + Level 5.2 Armour
 + Level 9.3 Dodging
 * Level 11.1 Stealth
 + Level 1.3 Shields
 - Level 10.0 Spellcasting
 + Level 11.2 Hexes
 - Level 3.0 Ice Magic
 * Level 8.4 Invocations


You had 23 spell levels left.
You knew the following spells:

 Your Spells              Type           Power      Damage    Failure   Level
a - Ensorcelled Hibernat  Hex/Ice        88%        N/A       3%          2
b - Confusing Touch       Hex            59%        N/A       1%          3
c - Tukima's Dance        Hex            59%        N/A       1%          3
d - Dazzling Flash        Conj/Hex       74%        N/A       11%         3

Your spell library contained the following spells:

 Spells                   Type           Power      Damage    Failure   Level
 Inner Flame              Hex/Fire       37%        N/A       11%         3
 Ozocubu's Armour         Ice            25%        N/A       30%         3
 Magic Dart               Conj           44%        1d5       34%         1
 Fulminant Prism          Conj/Hex       18%        3d10      34%         4
 Poisonous Vapours        Pois/Air       22%        N/A       47%         2
 Scorch                   Fire           22%        2d5       47%         2
 Searing Ray              Conj           22%        2d5       47%         2
 Static Discharge         Conj/Air       22%        3-4/arc   47%         2
 Mephitic Cloud           Conj/Pois/Air  11%        N/A       71%         3
 Stone Arrow              Conj/Erth      22%        3d8       71%         3
 Airstrike                Air            5%         2d(1-17)  98%         4
 Animate Armour           Summ/Erth      22%        N/A       98%         4
 Flame Wave               Conj/Fire      11%        2d6       98%         4
 Sticky Flame             Conj/Fire      11%        2d3       98%         4
 Summon Lightning Spire   Summ/Air       11%        N/A       98%         4
 Freezing Cloud           Conj/Ice/Air   8%         6-21      100%        5
 Summon Cactus Giant      Summ           5%         N/A       100%        6
 Ozocubu's Refrigeration  Ice            12%        4d10      100%        7
 Lehudib's Crystal Spear  Conj/Erth      5%         10d3      100%        8

Inventory:

Hand Weapons
 a - a +2 dagger
 t - a +6 dagger of speed (weapon)
   (You took it off a goblin on level 2 of the Dungeon)
Armour
 e - the +2 shield of Resistance {rF++ rC++ Will++}
   (You found it on level 9 of the Dungeon)

   rF++:      It greatly protects you from fire.
   rC++:      It greatly protects you from cold.
   Will++:    It greatly increases your willpower.
 h - a +2 cloak (worn)
   (You found it on level 2 of the Dungeon)
 j - the +5 Storm Queen's Shield (worn) {shock, Fly rElec}
   (You bought it in a shop on level 6 of the Dungeon)

   Shock:     When it blocks an attack, it may electrocute the attacker.
   This works even against foes who are a short distance away.
   rElec:     It insulates you from electricity.
   Fly:       It grants you flight.
 p - the +4 ring mail of Yddaniw (worn) {rPois rN+}
   (You found it on level 3 of the Dungeon)

   rPois:     It protects you from poison rN+: It protects you from negative
   energy.
 V - the -2 hat of the Alchemist (worn) {rElec rPois rF+ rC+ rN+ Will+ rMut rCorr}
   (You bought it in a shop on level 6 of the Dungeon)

   rF+:       It protects you from fire.
   rC+:       It protects you from cold.
   rElec:     It insulates you from electricity.
   rPois:     It protects you from poison rN+: It protects you from negative
   energy.
   Will+:     It increases your willpower.
   rCorr:     It protects you from acid and corrosion.
   rMut:      It protects you from mutation.
Magical Staves
 Y - a staff of fire {!a}
   (You found it on level 15 of the Dungeon)
Jewellery
 i - a +6 ring of intelligence
   (You found it on level 3 of the Lair of Beasts)
 F - a ring of protection from fire
   (You took it off a spriggan on level 5 of the Lair of Beasts)
 G - an amulet of guardian spirit (around neck)
   (You found it on level 2 of the Dungeon)
 I - a +6 ring of intelligence (right claw)
   (You found it on level 3 of the Lair of Beasts)
 L - a ring of flight
   (You found it on level 4 of the Lair of Beasts)
 N - a ring of positive energy
   (You found it in a volcano)
 R - a ring of resist corrosion (left claw)
   (You found it on level 8 of the Dungeon)
 T - an amulet of faith {!P}
   (You found it on level 3 of the Lair of Beasts)
 W - a ring of magical power
   (You found it on level 11 of the Dungeon)
Wands
 u - a wand of iceblast (29)
   (You found it on level 3 of the Dungeon)
 D - a wand of mindburst (6)
   (You took it off an orc wizard on level 11 of the Dungeon)
 H - a wand of polymorph (8)
   (You found it on level 10 of the Dungeon)
 J - a wand of flame (17)
   (You found it on level 11 of the Dungeon)
 M - a wand of charming (16)
   (You found it on level 3 of the Lair of Beasts)
Scrolls
 b - 3 scrolls of revelation
 d - a scroll of enchant armour
 k - 2 scrolls of vulnerability {!r!r}
 o - 5 scrolls of identify {@r1}
 v - 4 scrolls of immolation {!r!r}
 w - 2 scrolls of fear
 x - 4 scrolls of fog
 y - 5 scrolls of blinking {!r}
 A - 2 scrolls of poison
 E - 6 scrolls of teleportation {@r4}
Potions
 c - a potion of invisibility
 g - 3 potions of might
 l - 3 potions of attraction {!q}
 m - 5 potions of heal wounds {@q2}
 n - 5 potions of lignification {!q}
 r - 2 potions of berserk rage {!q}
 s - a potion of magic
 z - 4 potions of brilliance
 B - 5 potions of haste {@q3}
 C - a potion of ambrosia
 K - 2 potions of mutation {!q}
 O - 3 potions of curing {@q1}
 P - 2 potions of enlightenment
 Q - 3 potions of cancellation
 X - 2 potions of resistance

Dungeon Overview and Level Annotations

Branches:
Dungeon (15/15) Zot: 24997  Temple (1/1) D:6 Zot: 5958    Lair (5/5) D:8 Zot: 20666
  Swamp (0/4) Lair:2        Snake (1/4) Lair:2 Zot: 5670   Slime (0/5) Lair:4
    Orc (2/2) D:10 Zot: 9505     Elf (0/3) Orc:2        Vaults (0/5) D:14
 Depths (0/4) D:15        Volcano (visited)

Altars:
Ashenzari
Cheibriados
Dithmenos
Fedhas
Gozag
Hepliaklqana
Kikubaaqudgha
Makhleb
Nemelex Xobeh
Okawaru
Qazlal
Ru
Sif Muna
Trog
Uskayaw
Vehumet
Wu Jian
Xom
Yredelemnul
Jiyva
Lugonu

Shops:
D:6 [![   D:11 *   D:12 =:!   Orc:1 *   Orc:2 [*=?

Portals:
Abyss: Lair:5

Annotations:
D:12 3 runed translucent doors, Takeo's ghost, journeyman DjFE
D:15 2 transporters, asdu's ghost, journeyman MeSh
Snake:1 2 transporters, Romunoh's ghost, adept SpBr

#####
..........##......##....
..........##......##....
..........##......##....
.........##......##....
.......##......##....
#.....##.....# #####
#N...#......#######
#.@................
#............).....
#..................
#...†..............
###################


You could see a naga ritualist (toxic aura).


Message History

You hit the mana viper but do no damage.
Your shadow completely misses the mana viper.
You feel sick. You block the mana viper's attack.
Unknown command.
You closely miss the mana viper.
You feel sick. You block the naga ritualist's attack.
Your shield discharges, shocking the naga ritualist!
The mana viper bites you.
* * * LOW HITPOINT WARNING * * *
😱 HP[-2]
You take 2 damage, and now have 27/123 hp.
You miss the mana viper. You block the mana viper's attack.
Your shield discharges, shocking the mana viper!
You kill the mana viper!
Dithmenos accepts your kill.
You feel sick.
The naga ritualist invokes the aid of its god against you.
You resist with almost no effort. 😱 HP[-1] MP[+1]
You take 1 damage, and now have 26/123 hp.
You hit the naga ritualist.
Your shadow hits the naga ritualist but does no damage.
You feel sick.
The naga ritualist utters an invocation to its god.
The naga ritualist begins to radiate toxic energy.
* * * LOW HITPOINT WARNING * * *
You are more poisoned.
You barely miss the naga ritualist.
You feel sick.
* * * LOW HITPOINT WARNING * * *
You are more poisoned. 😱 HP[-9]
You take 9 damage, and now have 17/123 hp.
You barely miss the naga ritualist.
You feel sick. You block the naga ritualist's attack.
Your shield discharges, shocking the naga ritualist!
You block the naga ritualist's attack. 😱 HP[-1]
You take 1 damage, and now have 16/123 hp.
Unknown command.
You hit the naga ritualist but do no damage.
You feel sick.
* * * LOW HITPOINT WARNING * * *
You are more poisoned. 😱 HP[-4]
You take 4 damage, and now have 12/123 hp.
You closely miss the naga ritualist.
* * * LOW HITPOINT WARNING * * *
You feel sick.
The naga ritualist invokes the aid of its god against you.
You resist with almost no effort. 😱 HP[-2]
You take 2 damage, and now have 10/123 hp.
You feel better.
* * * LOW HITPOINT WARNING * * *
You are poisoned.
You block the naga ritualist's attack.
Your shield discharges, shocking the naga ritualist!
The naga ritualist misses you. 😱 HP[+6]
You regained 6 hp, and now have 16/123 hp.
You hit the naga ritualist.
Your shadow closely misses the naga ritualist.
You feel sick.
* * * LOW HITPOINT WARNING * * *
You are more poisoned. 😱 HP[-2]
You take 2 damage, and now have 14/123 hp.
You hit the naga ritualist.
Your shadow hits the naga ritualist but does no damage.
The naga ritualist invokes the aid of its god against you.
You feel yourself grow more vulnerable to poison.
You puncture the naga ritualist!
You feel sick.
* * * LOW HITPOINT WARNING * * *
You are more poisoned. 😱 HP[-3] MP[+1]
You take 3 damage, and now have 11/123 hp.
You hit the naga ritualist but do no damage.
Your shadow barely misses the naga ritualist.
You feel sick.
The naga ritualist mumbles some strange prayers to its god against you.
You resist with almost no effort.
Unknown command.
Casting: Confusing Touch (safe; 1% risk of failure)
Confirm with . or Enter, or press ? or * to list all spells.
Aiming: Ensorcelled Hibernation (safe; 3% risk of failure)
Press: ? - help, Shift-Dir - straight line, f - naga ritualist
Aim: a naga ritualist, wielding a +2 trident of venom and wearing a +0 robe (almost dead, radiating toxic energy, umbra, chance to affect: 33%)
The naga ritualist easily resists.
Malevolent energies surge around you.
You feel sick.
* * * LOW HITPOINT WARNING * * *
You are lethally poisoned!
The naga ritualist's toxic aura wanes.
The naga ritualist mumbles some strange prayers to its god.
The naga ritualist begins to radiate toxic energy.
* * * LOW HITPOINT WARNING * * *
You are more poisoned.
You closely miss the naga ritualist.
* * * LOW HITPOINT WARNING * * *
You feel sick.
You die...

Skill      XL: |  1  2  3  4  5  6  7  8  9 10 11 12 13 14 15 |
---------------+----------------------------------------------+-----
Short Blades   | 1 2 3 4 6 7 8 9 11 12 13 | 13.9
Stealth        | 3 4 5 6 7 8 9 10 11 | 11.1
Ice Magic      | 1 2 3 |  3.0
Armour         | 1 2 3 4 5 |  5.2
Hexes          | 4 5 6 7 8 9 10 11 | 11.2
Spellcasting   | 3 4 5 6 7 8 9 10 | 10.0
Dodging        | 3 4 5 6 7 8 9 |  9.3
Fighting       | 2 4 5 7 8 9 |  9.9
Invocations    | 5 8 |  8.4
Shields        | 1 |  1.3

Action                     |  1- 3 |  4- 6 |  7- 9 | 10-12 | 13-15 || total
---------------------------+-------+-------+-------+-------+-------++-------
  Melee: Dagger            |   285 |   107 |   289 |   886 |  1373 ||  2940
         Punch             |     3 |       |     1 |    13 |    26 ||    43
   Cast: Ensorcelled Hiber |     4 |    10 |    58 |   129 |   217 ||   418
         Confusing Touch   |       |     1 |     9 |    32 |    56 ||    98
         Dazzling Flash    |       |       |       |     2 |     8 ||    10
 Invoke: Shadow Step       |       |       |       |       |     1 ||     1
  Evoke: Wand              |       |       |       |    11 |       ||    11
    Use: Scroll            |     9 |       |     6 |    10 |    14 ||    39
         Potion            |       |     2 |       |     5 |     4 ||    11
   Stab: Sleeping          |    11 |     9 |    35 |    68 |   128 ||   251
         Paralysed         |       |     1 |    42 |    55 |   106 ||   204
         Confused          |       |     1 |     7 |    35 |    52 ||    95
         Invisible         |       |       |       |    13 |     8 ||    21
         Petrified         |       |       |       |       |     6 ||     6
         Distracted        |       |       |       |       |     2 ||     2
 Armour: Robe              |   115 |       |       |       |       ||   115
         Ring mail         |    38 |    52 |   133 |   445 |   639 ||  1307
  Dodge: Dodged            |   145 |    49 |    92 |   240 |   528 ||  1054
  Block: Other             |    50 |    12 |    36 |    53 |    97 ||   248
         Kite shield       |       |       |       |       |    77 ||    77

Levels and vault maps discovered:
D:1:      eino_arrival_tree_alley, layout_loops_cross
D:2:      layout_basic, minivault_19, serial_bayou_pond_c, st_stairs_14
D:3:      layout_loops_ring
D:4:      layout_basic, good_gods_temple_1, kennysheep_orc_chapel
D:5:      minmay_evil_eye, layout_loops_corners, fedhas_altar_fruit_tree,
          lemuel_blue_sif_altar, lemuel_tele_altar, uniq_crazy_yiuf_cottage
D:6:      layout_loops_ring, minmay_temple_entry_proselytizer,
          nicolae_wooded_promenade, uniq_menkaure
D:7:      layout_rooms, nicolae_ru_great_annihilating_truth
D:8:      layout_basic, mainiacjoe_overflow_tiny_flanked, lair_entry_dummy
D:9:      layout_loops_ring, slow_altar_1, grunt_temple_overflow_open,
          minmay_guarded_unrand_resistance
D:10:     layout_small_grid, mainiacjoe_overflow_concentric_impassable,
          erik_orc_1, grunt_decor_clamped
D:11:     layout_cave_pods, nicolae_shop_gadgets, uniq_lodul, uniq_josephine
D:12:     layout_rooms, serial_shops, shop, nicolae_shop_tiny_real_fake_doors,
          shop, gammafunk_ghost_ooze
D:13:     layout_cross, dreamdust_mushroom_princess
D:14:     layout_long_grid, hangedman_vaults_entry_quadrant_bands, minivault_11
D:15:     grunt_enter_depths_magical_seal, layout_irregular_city,
          nicolae_dithmenos_through_a_glass_darkly, gammafunk_ghost_smash
Temple:   nicolae_temple_bog_church
Lair:1:   layout_regular_city, lemuel_fruit_tree, grunt_megastairs_1,
          uniq_jeremiah
Lair:2:   layout_layer_cave, nicolae_swamp_entry_splash_gauntlet,
          dummy_snake_entry, lemuel_old_faithful
Lair:3:   layout_roguey, serial_forest, infiniplex_forest_end_double,
          infiniplex_forest_clump_medium, infiniplex_forest_lined_ring,
          infiniplex_forest_end_3, nicolae_volcano_entry_s_turn
Lair:4:   layout_regular_city, dpeg_slime_entry_enclosed, wad_woods_06,
          grunt_megastairs_4
Lair:5:   hellmonk_lair_end_abyssal_woods, layout_big_grid, uniq_snorg
Snake:1:  layout_grid_maze, gammafunk_ghost_wrathful_warriors, uniq_rupert
Orc:1:    nicolae_orc_accident_2, layout_caves, serial_shops, shop
Orc:2:    st_orc_open, layout_caves, uniq_urug, uniq_maurice, uniq_nessos

Notes
Turn   | Place    | Note
-------+----------+-------------------------------------------
     0 | D:1      | kae the Demonspawn Enchanter began the quest for the Orb.
     0 | D:1      | Reached XP level 1. HP: 13/13 MP: 3/3
     0 | D:1      | magus.rc [v1.11.3]
    63 | D:1      | Reached skill level 1 in Short Blades
   232 | D:1      | Gained mutation: A meltable shield of frost defends you.
                  | (SH +4) [demonic ancestry]
   232 | D:1      | Reached XP level 2. HP: 12/19 MP: 5/5
   633 | D:1      | You pick up a book of Vapours and begin reading...
   633 | D:1      | You add the spells Poisonous Vapours, Mephitic Cloud and
                  | Freezing Cloud to your library.
   935 | D:2      | Gained mutation: You have sharp fingernails. [demonic
                  | ancestry]
   935 | D:2      | Reached XP level 3. HP: 24/24 MP: 6/6
   999 | D:1      | Learned a level 2 spell: Ensorcelled Hibernation
  1003 | D:1      | Learned a level 3 spell: Confusing Touch
  1519 | D:2      | Reached skill level 3 in Stealth
  1781 | D:3      | Reached skill level 2 in Short Blades
  1783 | D:3      | Identified the +4 ring mail of Yddaniw {rPois rN+}
  2229 | D:3      | HP: 2/24 [orc priest/divine providence (12)]
  2351 | D:2      | Reached skill level 1 in Ice Magic
  2351 | D:2      | Gained mutation: Spells you cast may paralyse adjacent
                  | enemies. [demonic ancestry]
  2351 | D:2      | Reached XP level 4. HP: 20/30 MP: 2/7
  2555 | D:3      | You fall into a shaft and drop 3 floors!
  2578 | D:6      | Reached XP level 5. HP: 35/35 MP: 8/8
  2617 | D:6      | Reached skill level 1 in Armour
  2659 | D:6      | Reached skill level 2 in Ice Magic
  2686 | D:6      | Reached skill level 3 in Short Blades
  2686 | D:6      | Gained mutation: Spells you cast may paralyse nearby
                  | enemies. [demonic ancestry]
  2686 | D:6      | Reached XP level 6. HP: 41/41 MP: 0/10
  2794 | D:6      | Noticed Menkaure
  2811 | D:6      | Killed Menkaure
  2812 | D:6      | Reached skill level 4 in Hexes
  2817 | D:6      | Reached skill level 3 in Spellcasting
  2950 | D:6      | Found Sogoxic's Antique Armour Shoppe.
  2950 | D:6      | Found Duuxit's Distillery.
  2951 | D:6      | Found Dobbair's Antique Armour Boutique.
  2963 | D:6      | Noticed a sky beast
  2980 | D:6      | Killed a sky beast
  2981 | D:6      | Gained mutation: You are partially covered in rugged brown
                  | scales. (AC +1, +3% HP) [demonic ancestry]
  2981 | D:6      | Reached XP level 7. HP: 33/47 MP: 3/11
  3101 | D:6      | Bought a potion of heal wounds for 50 gold pieces
  3101 | D:6      | Bought a potion of enlightenment for 50 gold pieces
  3101 | D:6      | Bought a potion of brilliance for 40 gold pieces
  3132 | D:6      | Reached skill level 2 in Armour
  3132 | D:6      | Reached skill level 3 in Ice Magic
  3174 | D:5      | Entered Level 5 of the Dungeon
  3335 | D:5      | Reached skill level 4 in Short Blades
  3335 | D:5      | Reached skill level 4 in Stealth
  3521 | D:5      | Found an ancient bone altar of Kikubaaqudgha.
  3691 | D:5      | Found a runed translucent door.
  3692 | D:5      | Noticed Crazy Yiuf
  4456 | D:4      | Identified the +1 robe of Watchfulness {rPois Regen+ Int-4
                  | Dex+6}
  4487 | D:3      | You pick up a book of Scorching and begin reading...
  4487 | D:3      | You add the spells Scorch, Flame Wave and Summon Cactus
                  | Giant to your library.
  4790 | D:4      | Gained mutation: A meltable icy envelope protects you from
                  | harm. (AC +8) [demonic ancestry]
  4790 | D:4      | Reached XP level 8. HP: 53/53 MP: 8/13
  4980 | D:5      | Found a blossoming altar of Fedhas.
  5269 | D:5      | Found a shimmering blue altar of Sif Muna.
  5428 | D:5      | Killed Crazy Yiuf
  5521 | D:6      | Noticed a purple ugly thing
  5529 | D:6      | Killed a purple ugly thing
  5530 | D:6      | Reached skill level 5 in Short Blades
  5530 | D:6      | Reached skill level 3 in Armour
  5530 | D:6      | Reached skill level 4 in Spellcasting
  5530 | D:6      | Reached skill level 5 in Hexes
  5638 | D:6      | Found a staircase to the Ecumenical Temple.
  5652 | Temple   | Entered the Ecumenical Temple
  5744 | D:6      | Noticed a two-headed ogre
  5762 | D:6      | Killed a two-headed ogre
  5763 | D:6      | Reached skill level 6 in Short Blades
  5763 | D:6      | Reached skill level 5 in Stealth
  5763 | D:6      | Reached XP level 9. HP: 39/58 MP: 6/15
  6136 | D:7      | Reached skill level 4 in Armour
  6136 | D:7      | Reached skill level 2 in Dodging
  6297 | D:7      | Found a sacrificial altar of Ru.
  6346 | D:7      | Reached skill level 1 in Fighting
  6729 | D:7      | Reached skill level 6 in Hexes
  6808 | D:7      | Reached skill level 5 in Spellcasting
  6971 | D:8      | Reached skill level 2 in Fighting
  7038 | D:8      | Found a staircase to the Lair.
  7208 | D:8      | Reached skill level 7 in Short Blades
  7303 | D:8      | Reached skill level 3 in Dodging
  7506 | D:8      | Reached skill level 6 in Stealth
  7585 | D:8      | Found a hazy altar of Hepliaklqana.
  7872 | D:8      | Learned a level 3 spell: Tukima's Dance
  7876 | D:8      | Learned a level 3 spell: Dazzling Flash
  7896 | D:9      | Found a snail-covered altar of Cheibriados.
  7944 | D:9      | Reached XP level 10. HP: 70/70 MP: 17/17
  7974 | D:9      | Noticed a fire dragon
  7976 | D:9      | Found a runed translucent door.
  7976 | D:9      | Noticed an ice dragon
  7976 | D:9      | Found the +2 shield of Resistance {rF++ rC++ Will++}
  7976 | D:9      | Noticed a fire dragon
  7976 | D:9      | Noticed an ice dragon
  7979 | D:9      | Found a runed translucent door.
  7979 | D:9      | Identified the +5 chain mail of Patterns {Fly Str+2}
  8092 | D:9      | Noticed a sixfirhy
  8222 | D:9      | Found a broken altar of Ashenzari.
  8247 | D:9      | Found an ornate altar of the Wu Jian Council.
  8367 | D:9      | Noticed a two-headed ogre
  8375 | D:9      | Killed a two-headed ogre
  8376 | D:9      | Reached skill level 3 in Fighting
  8376 | D:9      | Reached skill level 5 in Armour
  8771 | D:10     | Entered Level 10 of the Dungeon
  8781 | D:10     | Noticed a two-headed ogre
  8797 | D:10     | Killed a two-headed ogre
  8910 | D:10     | Found a shadowy altar of Dithmenos.
  8933 | D:10     | Reached skill level 8 in Short Blades
  8951 | D:10     | Became a worshipper of Dithmenos the Shadowed
  9307 | D:9      | HP: 14/72 [something (6)]
  9340 | D:9      | HP: 14/72 [something (6)]
  9351 | D:9      | HP: 8/72 [something (4)]
  9359 | D:9      | Reached skill level 4 in Dodging
  9359 | D:9      | Reached skill level 7 in Hexes
  9886 | D:10     | Reached skill level 4 in Fighting
  9897 | D:10     | Reached skill level 6 in Spellcasting
 10284 | D:10     | You pick up a book of Armaments and begin reading...
 10284 | D:10     | You add the spells Stone Arrow, Animate Armour and
                  | Lehudib's Crystal Spear to your library.
 10386 | D:10     | You add the spells Ozocubu's Armour and Ozocubu's
                  | Refrigeration to your library.
 10627 | D:10     | Reached * piety under Dithmenos
 10628 | D:10     | Gained mutation: You are mostly covered in rugged brown
                  | scales. (AC +2, +5% HP) [demonic ancestry]
 10628 | D:10     | Reached XP level 11. HP: 28/80 MP: 2/20
 10826 | D:10     | Found a staircase to the Orcish Mines.
 11069 | D:11     | Reached skill level 7 in Stealth
 11261 | D:11     | You pick up a book of Flames and begin reading...
 11261 | D:11     | You add the spells Inner Flame and Sticky Flame to your
                  | library.
 11517 | D:11     | HP: 18/81 [something (5)]
 11527 | D:11     | HP: 18/81 [something (1)]
 11537 | D:11     | HP: 9/81 [something (8)]
 11836 | D:11     | Noticed Josephine
 11843 | D:11     | Killed Josephine
 11950 | D:11     | Found Uhohaxko's Gadget Gallery.
 12023 | D:11     | Noticed Lodul
 12047 | D:11     | Killed Lodul
 12048 | D:11     | Reached skill level 9 in Short Blades
 12145 | D:11     | Reached skill level 5 in Dodging
 12150 | D:11     | Reached skill level 5 in Fighting
 12551 | Lair:1   | Entered Level 1 of the Lair of Beasts
 12758 | Lair:1   | Noticed a death yak
 12759 | Lair:1   | Noticed a death yak
 12760 | Lair:1   | Noticed a death yak
 12760 | Lair:1   | Noticed a death yak
 12760 | Lair:1   | Noticed a death yak
 12760 | Lair:1   | Noticed a death yak
 12895 | Lair:1   | Reached ** piety under Dithmenos
 13037 | Lair:1   | Killed a death yak
 13038 | Lair:1   | Reached skill level 8 in Hexes
 13203 | Lair:1   | Killed a death yak
 13488 | Lair:1   | Reached skill level 7 in Spellcasting
 13495 | Lair:1   | Gained mutation: Spells you cast and wands you use may
                  | paralyse nearby enemies. [demonic ancestry]
 13495 | Lair:1   | Reached XP level 12. HP: 83/91 MP: 22/22
 13679 | Lair:1   | Killed a death yak
 13680 | Lair:1   | Reached skill level 8 in Stealth
 13784 | Lair:1   | Killed a death yak
 13785 | Lair:1   | Reached skill level 10 in Short Blades
 13786 | Lair:1   | HP: 12/91 [death yak (13)]
 14001 | Lair:1   | Reached skill level 6 in Fighting
 14046 | Lair:1   | Noticed Jeremiah
 14058 | Lair:1   | Killed Jeremiah
 14132 | Lair:1   | Reached skill level 6 in Dodging
 14680 | Lair:1   | Killed a death yak
 14691 | Lair:1   | Killed a death yak
 15329 | Lair:2   | Found a staircase to the Snake Pit.
 15645 | Lair:2   | Identified the +7 scimitar of the Big Fish {freeze, Will-
                  | Dex+2 Stlth+}
 15940 | Lair:2   | Found a staircase to the Swamp.
 16231 | Lair:2   | Reached *** piety under Dithmenos
 16232 | Lair:2   | Reached skill level 9 in Hexes
 16905 | Lair:3   | Noticed a death yak
 16908 | Lair:3   | Noticed a death yak
 16911 | Lair:3   | Noticed a death yak
 16911 | Lair:3   | Noticed a death yak
 16912 | Lair:3   | Noticed a death yak
 16928 | Lair:3   | Killed a death yak
 16929 | Lair:3   | Reached skill level 7 in Fighting
 16929 | Lair:3   | Reached skill level 11 in Short Blades
 16939 | Lair:3   | Killed a death yak
 16952 | Lair:3   | Killed a death yak
 16952 | Lair:3   | HP: 23/95 [death yak (10)]
 16961 | Lair:3   | Killed a death yak
 16962 | Lair:3   | Gained mutation: A meltable icy envelope protects you from
                  | harm. (AC +8) [demonic ancestry]
 16962 | Lair:3   | Reached XP level 13. HP: 55/100 MP: 8/24
 16999 | Lair:3   | Reached skill level 8 in Spellcasting
 17016 | Lair:3   | Found a dark tunnel.
 17039 | Volcano  | Entered a volcano
 17177 | Volcano  | Reached skill level 9 in Stealth
 17467 | Volcano  | Found a radiant altar of Vehumet.
 17515 | Volcano  | Reached skill level 7 in Dodging
 18941 | Lair:5   | Entered Level 5 of the Lair of Beasts
 19208 | Lair:5   | Noticed Snorg
 19229 | Lair:5   | Killed Snorg
 19237 | Lair:5   | Reached **** piety under Dithmenos
 19809 | Lair:5   | Reached skill level 8 in Fighting
 19892 | Lair:5   | Reached skill level 12 in Short Blades
 20587 | Lair:4   | Found a viscous altar of Jiyva.
 20587 | Lair:4   | Found a staircase to the Slime Pits.
 20876 | Lair:5   | HP: 12/102 [catoblepas (21)]
 21153 | Lair:5   | HP: 21/102 [eight-headed hydra (8)]
 21805 | Lair:5   | Reached skill level 10 in Hexes
 21816 | Lair:5   | Reached XP level 14. HP: 51/111 MP: 3/26
 21856 | Lair:5   | HP: 26/111 [chaos spawn (5)]
 22179 | Lair:5   | Reached skill level 8 in Dodging
 22201 | Lair:5   | Reached skill level 9 in Spellcasting
 22206 | Lair:5   | Identified the +3 sling "Zamothroof" {flame, rPois Int+3
                  | Dex-5 SInv}
 22207 | Lair:5   | Identified a scroll of acquirement
 22801 | Lair:5   | Reached skill level 10 in Stealth
 23042 | Lair:5   | Found a corrupted altar of Lugonu.
 23042 | Lair:5   | Found a one-way gate to the infinite horrors of the Abyss.
 23062 | Lair:5   | Acquired 708 gold pieces
 23289 | D:6      | Bought the -2 hat of the Alchemist {rElec rPois rF+ rC+ rN+
                  | Will+ rMut rCorr} for 1416 gold pieces
 23289 | D:6      | Found the -2 hat of the Alchemist {rElec rPois rF+ rC+ rN+
                  | Will+ rMut rCorr}
 23574 | D:12     | Found Jex Xape's Distillery.
 23588 | D:12     | Found Udulewk's Book Shop.
 23885 | D:12     | Found a runed translucent gate.
 23885 | D:12     | Found a runed translucent gate.
 23885 | D:12     | Noticed an azure jelly
 23885 | D:12     | Noticed an azure jelly
 23886 | D:12     | Noticed a quicksilver ooze
 23886 | D:12     | Found a runed translucent gate.
 23886 | D:12     | Noticed Takeo's ghost (journeyman DjFE)
 23886 | D:12     | Noticed an acid blob
 23886 | D:12     | Noticed an azure jelly
 23886 | D:12     | Noticed an azure jelly
 23888 | D:12     | Noticed an azure jelly
 23890 | D:12     | Noticed an azure jelly
 23890 | D:12     | Noticed an azure jelly
 23890 | D:12     | Noticed an acid blob
 23891 | D:12     | Noticed an azure jelly
 23931 | D:12     | Found Raozafok's Jewellery Shoppe.
 24183 | D:12     | Found a viscous altar of Jiyva.
 24299 | Orc:1    | Entered Level 1 of the Orcish Mines
 24405 | D:13     | Reached skill level 1 in Invocations
 24848 | D:13     | Reached skill level 2 in Invocations
 25139 | D:13     | Reached ***** piety under Dithmenos
 25140 | D:13     | Reached skill level 3 in Invocations
 25240 | D:13     | Acquired 875 gold pieces
 25484 | D:14     | Reached skill level 9 in Fighting
 25622 | D:14     | Reached skill level 4 in Invocations
 25626 | D:14     | You pick up a book of Storms and begin reading...
 25626 | D:14     | You add the spells Static Discharge, Airstrike and Summon
                  | Lightning Spire to your library.
 25686 | D:14     | Found a gate to the Vaults.
 25754 | D:14     | Reached skill level 13 in Short Blades
 26397 | D:14     | Reached skill level 5 in Invocations
 26605 | D:15     | Entered Level 15 of the Dungeon
 26608 | D:15     | Found a transporter.
 26609 | D:15     | Found a transporter.
 26609 | D:15     | Noticed asdu's ghost (journeyman MeSh)
 26610 | D:15     | Identified the +1 giant spiked club of Pestilence {flame,
                  | Dex+3}
 26610 | D:15     | Noticed a fire giant
 26612 | D:15     | Noticed a frost giant
 26932 | D:14     | HP: 28/113 [rakshasa/+0 whip (9)]
 26935 | D:14     | HP: 6/113 [rakshasa/+0 whip (9)]
 27632 | Orc:2    | Entered Level 2 of the Orcish Mines
 27641 | Orc:2    | Gained mutation: You are completely covered in rugged brown
                  | scales. (AC +3, +7% HP) [demonic ancestry]
 27641 | Orc:2    | Reached XP level 15. HP: 113/120 MP: 25/28
 27671 | Orc:2    | Reached skill level 6 in Invocations
 27849 | Orc:1    | Found Ywejex Asaoss's Assorted Antiques.
 28524 | Orc:2    | Noticed Nessos
 28564 | Orc:2    | Found Dycazos's Antique Armour Boutique.
 28566 | Orc:2    | Found Waanaq's Jewellery Shoppe.
 28724 | Orc:2    | Reached skill level 9 in Dodging
 29263 | Orc:2    | Reached skill level 11 in Hexes
 29291 | Orc:2    | Found Sogidwib's General Store.
 29324 | Orc:2    | Reached skill level 7 in Invocations
 29355 | Orc:2    | Found Jeleopit's Magic Scroll Emporium.
 29674 | Orc:2    | Noticed Maurice
 29679 | Orc:2    | Killed Maurice
 29735 | Orc:2    | Bought a scroll of identify for 36 gold pieces
 29735 | Orc:2    | Found a staircase to the Elven Halls.
 29740 | Orc:2    | Noticed Urug
 29744 | Orc:2    | Killed Urug
 29951 | Orc:2    | Killed Nessos
 30133 | D:6      | Bought the +5 Storm Queen's Shield {shock, Fly rElec} for
                  | 1368 gold pieces
 30133 | D:6      | Found the +5 Storm Queen's Shield {shock, Fly rElec}
 30308 | D:15     | Found a shadowy altar of Dithmenos.
 30343 | D:15     | You pick up a book of Conjurations and begin reading...
 30343 | D:15     | You add the spells Magic Dart, Searing Ray and Fulminant
                  | Prism to your library.
 30663 | D:15     | Found a staircase to the Depths.
 30787 | D:15     | Reached skill level 10 in Spellcasting
 31076 | D:9      | Reached skill level 11 in Stealth
 31076 | D:9      | Reached skill level 8 in Invocations
 31395 | Snake:1  | Entered Level 1 of the Snake Pit
 31395 | Snake:1  | Noticed Rupert
 31402 | Snake:1  | Killed Rupert
 31403 | Snake:1  | Reached skill level 1 in Shields
 31471 | Snake:1  | Noticed Romunoh's ghost (adept SpBr)
 31480 | Snake:1  | Found a transporter.
 31487 | Snake:1  | Found a bloodstained altar of Trog.
 31500 | Snake:1  | Found a transporter.
 31729 | Snake:1  | HP: 29/123 [poisoned by a naga ritualist (splash of
                  | poison)]
 31734 | Snake:1  | HP: 26/123 [poisoned by a naga ritualist (splash of
                  | poison)]
 31737 | Snake:1  | HP: 12/123 [naga ritualist/Olgreb's Toxic Radiance (3)]
 31742 | Snake:1  | HP: 13/123 [poisoned by a naga ritualist (toxic radiance)]
 31744 | Snake:1  | HP: 6/123 [naga ritualist/Olgreb's Toxic Radiance (1)]
 31745 | Snake:1  | Killed from afar by a naga ritualist

Vanquished Creatures
  Rupert (Snake:1)
  Nessos (Orc:2)
  Snorg (Lair:5)
  Josephine (D:11)
  An entropy weaver (shapeshifter) (D:15)
  2 hydras
  2 fire dragons (D:9)
  2 ice dragons (D:9)
  An anaconda (Snake:1)
  3 catoblepae
  3 ogre magi (Orc:2)
  A centaur warrior (D:14)
  17 two-headed ogres
  4 boulder beetles
  11 death yaks
  A tengu warrior (D:15)
  Urug (Orc:2)
  2 occultists (D:15)
  4 thrashing horrors (Lair:5)
  2 skysharks
  6 skeletal warriors
  An iron troll (Orc:2)
  Lodul (D:11)
  A deep troll (Orc:2)
  2 orc knights (Orc:1)
  A necromancer (D:15)
  2 deep elf zephyrmancers
  A deep elf archer (D:14)
  An arcanist (D:15)
  3 mana vipers (Snake:1)
  3 orc sorcerers
  2 deep elf pyromancers
  4 ugly things
  A salamander (shapeshifter) (D:15)
  A salamander (Snake:1)
  4 cyclopes
  8 black mambas
  4 elephants (Lair:5)
  A centaur zombie (D:15)
  Maurice (Orc:2)
  10 cane toads
  2 molten gargoyles (Volcano)
  3 smoke demons
  2 unseen horrors
  Jeremiah (Lair:1)
  A gargoyle (D:12)
  6 komodo dragons
  5 centaur skeletons
  2 kobold demonologists (D:9)
  2 efreet
  3 rime drakes
  A tengu conjurer (D:15)
  12 trolls
  3 polar bears
  A hornet (D:11)
  28 blink frogs
  A queen bee (shapeshifter) (Lair:5)
  A raiju (Lair:5)
  A centaur simulacrum (D:14)
  2 vampires (D:12)
  2 spriggans (Lair:5)
  17 slime creatures
  A ynoxinul (Lair:5)
  6 wyverns
  4 wraiths (D:11)
  A culicivora (shapeshifter) (D:14)
  5 basilisks
  2 fire bats (Volcano)
  4 large abominations (Lair:5)
  A redback (shapeshifter) (D:13)
  23 yaks
  2 chaos spawn (Lair:5)
  A steam dragon (D:8)
  Menkaure (D:6)
  10 vampire mosquitoes
  13 water moccasins
  An acid dragon (D:8)
  A naga (Snake:1)
  2 wargs (Orc:1)
  2 swamp worms (Lair:2)
  2 hell hounds (Volcano)
  An ice beast (D:7)
  A meliai simulacrum (D:15)
  13 orc warriors
  A swamp drake (D:10)
  A black bear (Lair:1)
  2 sky beasts
  29 ogres
  A boggart (D:14)
  5 wolves (Lair:5)
  7 centaurs
  A phantom (D:6)
  5 kobold brigands
  12 bullfrogs
  2 scorpions
  5 wights
  5 killer bees (D:8)
  A howler monkey (D:9)
  2 electric eels (Lair:2)
  4 lava snakes (Volcano)
  8 small abominations (Lair:5)
  A hound (D:5)
  4 jellies
  A gnoll bouda (D:5)
  Crazy Yiuf (D:5)
  13 orc priests
  4 sleepcaps
  A boggart zombie (D:15)
  4 iguanas
  13 orc wizards
  A mummy (D:9)
  4 gnolls (D:5)
  6 adders
  2 shadow imps
  2 white imps (D:6)
  2 ufetubi (D:6)
  A worm (D:2)
  47 orcs
  7 ball pythons
  2 endoplasms (D:1)
  5 giant cockroaches
  7 goblins
  13 hobgoblins
  10 jackals
  19 kobolds
  3 quokkas
  5 bats
  2 frilled lizards
  7 rats
590 creatures vanquished.

Table legend:
 A = Non-vault XP
 B = Vault XP
 C = Vault XP percentage of total XP
 D = Non-vault monster count
 E = Vault monster count
 F = Vault count percentage of total count
                 A         B        C        D         E       F
            +---------+---------+-------+---------+---------+-------
      Total |   88182 |   53108 |  37.6 |     410 |     180 |  30.5
            +---------+---------+-------+---------+---------+-------
        D:1 |      34 |       0 |   0.0 |      21 |       0 |   0.0
        D:2 |      71 |       2 |   2.7 |      18 |       1 |   5.3
        D:3 |      72 |       0 |   0.0 |      16 |       0 |   0.0
        D:4 |     179 |      47 |  20.8 |      17 |       3 |  15.0
        D:5 |     361 |      92 |  20.3 |      11 |       4 |  26.7
        D:6 |    2003 |     213 |   9.6 |      22 |       2 |   8.3
        D:7 |    1448 |      39 |   2.6 |      30 |       4 |  11.8
        D:8 |     941 |       0 |   0.0 |      19 |       0 |   0.0
        D:9 |    2513 |    3540 |  58.5 |      14 |       5 |  26.3
       D:10 |    2444 |     568 |  18.9 |      18 |      17 |  48.6
       D:11 |    2006 |    3221 |  61.6 |      13 |      13 |  50.0
       D:12 |    4998 |       0 |   0.0 |      11 |       0 |   0.0
       D:13 |    6977 |       0 |   0.0 |      17 |       0 |   0.0
       D:14 |    6546 |    4982 |  43.2 |      18 |      15 |  45.5
       D:15 |    5081 |    4103 |  44.7 |       7 |       9 |  56.2
     Lair:1 |   11495 |     728 |   6.0 |      36 |       3 |   7.7
     Lair:2 |    6033 |     416 |   6.5 |      24 |       4 |  14.3
     Lair:3 |    6536 |       0 |   0.0 |      15 |       0 |   0.0
     Lair:4 |    4609 |    1441 |  23.8 |      11 |       7 |  38.9
     Lair:5 |   10176 |   10374 |  50.5 |      33 |      33 |  50.0
    Snake:1 |    4635 |    1843 |  28.5 |       9 |       1 |  10.0
      Orc:1 |    3629 |     623 |  14.7 |      17 |       6 |  26.1
      Orc:2 |    5395 |   17093 |  76.0 |      13 |      39 |  75.0
    Volcano |       0 |    3783 | 100.0 |       0 |      14 | 100.0
            +---------+---------+-------+---------+---------+-------

Skill      XL: |  1  2  3  4  5  6  7  8  9 10 11 12 13 14 15 |
---------------+----------------------------------------------+-----
Short Blades   | 1 2 3 4 6 7 8 9 11 12 13 | 13.9
Stealth        | 3 4 5 6 7 8 9 10 11 | 11.1
Ice Magic      | 1 2 3 |  3.0
Armour         | 1 2 3 4 5 |  5.2
Hexes          | 4 5 6 7 8 9 10 11 | 11.2
Spellcasting   | 3 4 5 6 7 8 9 10 | 10.0
Dodging        | 3 4 5 6 7 8 9 |  9.3
Fighting       | 2 4 5 7 8 9 |  9.9
Invocations    | 5 8 |  8.4
Shields        | 1 |  1.3

Action                     |  1- 3 |  4- 6 |  7- 9 | 10-12 | 13-15 || total
---------------------------+-------+-------+-------+-------+-------++-------
  Melee: Dagger            |   285 |   107 |   289 |   886 |  1373 ||  2940
         Punch             |     3 |       |     1 |    13 |    26 ||    43
   Cast: Ensorcelled Hiber |     4 |    10 |    58 |   129 |   217 ||   418
         Confusing Touch   |       |     1 |     9 |    32 |    56 ||    98
         Dazzling Flash    |       |       |       |     2 |     8 ||    10
 Invoke: Shadow Step       |       |       |       |       |     1 ||     1
  Evoke: Wand              |       |       |       |    11 |       ||    11
    Use: Scroll            |     9 |       |     6 |    10 |    14 ||    39
         Potion            |       |     2 |       |     5 |     4 ||    11
   Stab: Sleeping          |    11 |     9 |    35 |    68 |   128 ||   251
         Paralysed         |       |     1 |    42 |    55 |   106 ||   204
         Confused          |       |     1 |     7 |    35 |    52 ||    95
         Invisible         |       |       |       |    13 |     8 ||    21
         Petrified         |       |       |       |       |     6 ||     6
         Distracted        |       |       |       |       |     2 ||     2
 Armour: Robe              |   115 |       |       |       |       ||   115
         Ring mail         |    38 |    52 |   133 |   445 |   639 ||  1307
  Dodge: Dodged            |   145 |    49 |    92 |   240 |   528 ||  1054
  Block: Other             |    50 |    12 |    36 |    53 |    97 ||   248
         Kite shield       |       |       |       |       |    77 ||    77

Illustrated notes

Table legend:
 A = Kills in this place as a percentage of kills in the entire game.
 B = Kills by you in this place as a percentage of kills by you in the entire game.
 C = Kills by friends in this place as a percentage of kills by friends in the entire game.
 D = Other kills in this place as a percentage of other kills in the entire game.
 E = Experience gained in this place as a percentage of experience gained in the entire game.
 F = Experience gained in this place divided by the number of levels of this place that you have seen.
                   A       B       C       D       E      F
               +-------+-------+-------+-------+-------+----------------------
         Total | 100.0 | 100.0 |   N/A | 100.0 | 100.0 | 5651.6
       Dungeon |  55.1 |  55.2 |   N/A |  40.0 |  37.1 | 3498.7
          Lair |  28.1 |  27.9 |   N/A |  60.0 |  36.7 | 10361.6
     Snake Pit |   1.7 |   1.7 |   N/A |   0.0 |   4.6 | 6478.0
  Orcish Mines |  12.7 |  12.8 |   N/A |   0.0 |  18.9 | 13370.0
       Volcano |   2.4 |   2.4 |   N/A |   0.0 |   2.7 | 3783.0
               +-------+-------+-------+-------+-------+----------------------

Table legend: (Time is in decaauts)
 A = Elapsed time spent in this place.
 B = Non-inter-level travel time spent in this place.
 C = Inter-level travel time spent in this place.
 D = Time resting spent in this place.
 E = Time spent auto-exploring this place.
 F = Levels seen in this place.
 G = Mean time per level.
                   A        B        C        D        E       F      G
               +--------+--------+--------+--------+--------+-----+--------+
         Total |  30107 |  27823 |   2284 |   4088 |  18925 |  25 | 1204.3 |
       Dungeon |  17063 |  15455 |   1608 |   1754 |  11055 |  15 | 1137.5 |
        Temple |     41 |     41 |      0 |      0 |     39 |   1 |   41.0 |
          Lair |   9333 |   8764 |    569 |   1552 |   5792 |   5 | 1866.6 |
     Snake Pit |    328 |    328 |      0 |      0 |    264 |   1 |  328.0 |
  Orcish Mines |   2494 |   2388 |    106 |    746 |   1200 |   2 | 1247.0 |
       Volcano |    845 |    845 |      0 |     36 |    575 |   1 |  845.0 |
               +--------+--------+--------+--------+--------+-----+--------+

Top non-repeatable levels by time:
  Lair:1: 2650 daAuts
  Lair:5: 2636 daAuts
    D:10: 1877 daAuts
    D:11: 1690 daAuts
     D:9: 1684 daAuts
    D:14: 1535 daAuts
  Lair:2: 1531 daAuts
  Lair:4: 1462 daAuts
   Orc:2: 1388 daAuts
     D:6: 1231 daAuts
     D:5: 1177 daAuts
     D:8: 1116 daAuts
   Orc:1: 1106 daAuts
  Lair:3: 1052 daAuts
     D:3: 1002 daAuts
